 Dungeon Crawl Stone Soup version 0.18.1-50-g88ac8fd (webtiles) character file.

7878 Chiseanne the Unseen (level 11, -12/52 HPs)
             Began as a Spriggan Assassin on Mar 26, 2017.
             Was an Initiate of Gozag.
             Mangled by a wight
             ... wielding a +0 halberd
              (13 damage)
             ... on level 9 of the Dungeon.
             The game lasted 00:42:54 (16403 turns).

Chiseanne the Unseen (Spriggan Assassin)           Turns: 16403, Time: 00:42:55

Health: -12/52     AC:  4    Str:  7    XL:     11   Next: 2%
Magic:  24/24      EV: 30    Int: 14    God:    Gozag
Gold:   124        SH:  0    Dex: 22    Spells: 1 memorised, 24 levels left

rFire  . . .     SeeInvis +     f - +2 falchion (holy)
rCold  . . .     Gourm    .     c - +0 robe
rNeg   . . .     Faith    .     (shield restricted)
rPois  .         Spirit   .     (helmet restricted)
rElec  .         Dismiss  .     d - +1 cloak
rCorr  .         Reflect  .     (gloves unavailable)
SustAt .         Harm     .     (boots unavailable)
MR     +....                    (no amulet)
Stlth  +++++++...               (no ring)
                                P - +2 ring of dexterity

@: heavily drained, very quick, somewhat resistant to hostile enchantments,
extremely stealthy
A: unfitting armour, see invisible, herbivore 3, speed 3, slow metabolism 2
a: Potion Petition, Call Merchant, Bribe Branch, Renounce Religion


You were on level 9 of the Dungeon.
You worshipped Gozag.
Gozag was noncommittal.
You were not hungry.

You visited 2 branches of the dungeon, and saw 12 of its levels.
You also visited: Ossuary.

You collected 1133 gold pieces.
You spent 144 gold pieces at shops.
You paid 865 gold pieces to Gozag.

Inventory:

Hand Weapons
 a - a +2 dagger of venom
 f - a +2 falchion of holy wrath (weapon)
 s - a +1 dagger of freezing
 w - a +0 blowgun
 E - a +0 antimagic falchion
 H - a +0 long sword of holy wrath
 O - a +2 dagger of flaming
Missiles
 e - 14 poisoned needles
 h - 366 stones
 j - 82 bolts
 p - 259 arrows
 q - 138 sling bullets
 r - 9 tomahawks (quivered)
 C - 3 throwing nets {!*}
 L - 3 needles of sleeping
Armour
 c - a +0 robe (worn)
 d - a +1 cloak (worn)
Jewellery
 x - an uncursed ring of ice
 P - a +2 ring of dexterity (left hand)
Wands
 b - a wand of iceblast (0/15)
 t - a wand of teleportation (6/9)
 I - a wand of paralysis (1/24)
 Q - a wand of slowing (25/48)
Scrolls
 v - 2 scrolls of fog
 y - 3 scrolls of remove curse
 A - 3 scrolls of fear
 R - a scroll of magic mapping
Potions
 i - a potion of cancellation {unknown}
 k - 2 potions of curing
 l - a potion of lignification {unknown}
 m - 3 potions of might
 n - 3 potions of heal wounds
 o - 5 potions of brilliance
 u - a potion of cure mutation {unknown}
 z - 4 potions of resistance
 B - 3 potions of invisibility {unknown}
 D - 2 potions of ambrosia {unknown}
 F - 2 potions of flight {unknown}
 M - 2 potions of agility {unknown}
Books
 G - a book of Frost

   Spells                             Type                      Level
   a - Freeze                         Ice                          1
   b - Throw Frost                    Conjuration/Ice              2
   c - Ozocubu's Armour               Charms/Ice                   3
   d - Throw Icicle                   Conjuration/Ice              4
   e - Summon Ice Beast               Ice/Summoning                4
Comestibles
 g - 4 bread rations
 J - 9 royal jellies
 K - 6 fruits


   Skills:
 - Level 3.0(1.8) Fighting
 - Level 4.9(3.6) Short Blades
 - Level 2.0(0.8) Throwing
 * Level 12.9(11.3) Dodging
 * Level 15.1(13.4) Stealth
 * Level 8.7(7.3) Spellcasting
 - Level 7.9(6.5) Charms


You had 24 spell levels left.
You knew the following spells:

 Your Spells              Type           Power        Failure   Level  Hunger
a - Ozocubu's Armour      Chrm/Ice       ##......     12%         3    ##.....


Dungeon Overview and Level Annotations

Branches:
Dungeon (11/15)            Temple (1/1) D:6            Lair (0/8) D:10
    Orc: D:9-12

Altars:
Ashenzari
Cheibriados
Dithmenos
Elyvilon
Fedhas
Gozag
Kikubaaqudgha
Makhleb
Nemelex Xobeh
Okawaru
Pakellas
Qazlal
Ru
Sif Muna
Trog
Vehumet
Xom
Yredelemnul
Zin
The Shining One

Shops:
D:8 (   D:9 (   D:10 =


Innate Abilities, Weirdness & Mutations

You are tiny and cannot use many weapons and most armour.
You have supernaturally acute eyesight.
You are a herbivore.
You cover ground extremely quickly.
You need consume almost no food.


Message History

The wight is almost destroyed.
The wight completely misses you.
Throwing (i - inventory. (,) - cycle):
r - 11 tomahawks (quivered)
Press: ? - help, Shift-Dir - straight line, f/p - wight
Aim: a wight, wielding a dagger and wearing a robe (almost destroyed, inner flame)
You throw a tomahawk.
The tomahawk hits the wight but does no damage.
The wight is almost destroyed.
The wight closely misses you. The wight misses you.
Throwing (i - inventory. (,) - cycle):
r - 10 tomahawks (quivered)
Press: ? - help, Shift-Dir - straight line, f/p - wight
Aim: a wight, wielding a dagger and wearing a robe (almost destroyed, inner flame)
You throw a tomahawk.
The tomahawk hits the wight but does no damage.
The wight is almost destroyed.
The wight hits you from afar with a halberd!
* * * LOW HITPOINT WARNING * * *
The wight hits you from afar with a halberd!
You die...
Your body crumbles into a pile of gold.

#................)....#
#.....................##########
##...............................
......<..........................
#######..........................
#...####################### #...#
#######...#######################
...........((zzz@................
.............zz..................
.....(.......####################
###########..# #..# #..# #..#
#..# #..#


You could see 5 wights.

Vanquished Creatures
  A hill giant (D:10)
  Pikel (D:6)
  A gargoyle (D:11)
  A komodo dragon (D:10)
  Grum (D:11)
  2 hippogriffs
  Menkaure (D:6)
  2 soldier ants (D:8)
  2 water moccasins
  5 orc warriors
  4 ice beasts
  2 sky beasts
  2 slaves (D:6)
  A necrophage (D:6)
  2 ogres
  2 wolves (D:11)
  5 centaurs (D:10)
  2 big kobolds (D:7)
  10 giant frogs
  3 scorpions
  A wyvern skeleton (D:8)
  7 wights (D:7)
  3 howler monkeys
  5 crimson imps
  3 centaur zombies
  4 jellies
  4 hounds
  10 orc priests
  2 centaur skeletons
  3 giant frog skeletons
  2 iguanas
  Jessica (D:2)
  Terence (D:3)
  12 orc wizards
  6 worker ants
  A killer bee zombie (D:5)
  A big kobold zombie (Ossuary)
  A hound zombie (Ossuary)
  2 hound skeletons
  3 mummies (Ossuary)
  2 worker ant zombies
  3 gnolls (D:7)
  A howler monkey skeleton (D:5)
  11 adders
  3 shadow imps
  An ooze (D:2)
  3 adder zombies
  3 adder skeletons
  5 worms
  4 dart slugs
  5 giant geckos
  54 orcs
  5 bats
  2 giant cockroaches
  9 hobgoblins
  4 jackals (D:1)
  7 quokkas
  A ball python (D:5)
  3 giant gecko skeletons
  7 giant newts
  10 goblins
  15 kobolds
  A kobold zombie (Ossuary)
  2 orc zombies (Ossuary)
  15 rats
  A rat zombie (Ossuary)
299 creatures vanquished.

Vanquished Creatures (others)
  A big kobold zombie (Ossuary)
  An adder skeleton (D:9)
  A jackal zombie (Ossuary)
  2 rat zombies (Ossuary)
5 creatures vanquished.

Grand Total: 304 creatures vanquished

Notes
Turn   | Place    | Note
--------------------------------------------------------------
     0 | D:1      | Chiseanne the Spriggan Assassin began the quest for the Orb.
     0 | D:1      | Reached XP level 1. HP: 10/10 MP: 2/2
   226 | D:1      | Reached skill level 6 in Stealth
   226 | D:1      | Reached XP level 2. HP: 11/15 MP: 3/3
   948 | D:1      | Reached XP level 3. HP: 18/18 MP: 4/4
  1380 | D:2      | Noticed Jessica
  1389 | D:2      | Killed Jessica
  1389 | D:2      | Reached XP level 4. HP: 18/23 MP: 5/5
  2366 | D:2      | Reached skill level 7 in Stealth
  2419 | D:2      | Reached skill level 5 in Dodging
  2735 | D:2      | Reached XP level 5. HP: 27/27 MP: 6/6
  2915 | D:2      | Found a shimmering altar of Xom.
  2915 | D:2      | Found a shattered altar of Ashenzari.
  3239 | D:3      | Noticed a moth of wrath
  3241 | D:3      | Found a bloodstained altar of Trog.
  3361 | D:3      | Noticed Terence
  3364 | D:3      | Killed Terence
  4098 | D:4      | Reached skill level 8 in Stealth
  4226 | D:4      | Noticed a phantom
  4236 | D:4      | Reached XP level 6. HP: 13/32 MP: 7/7
  4639 | D:4      | Found a sand-covered staircase.
  4647 | Ossuary  | Entered an ossuary
  5211 | D:4      | Found a sparkling altar of Nemelex Xobeh.
  5263 | D:4      | Found a stormy altar of Qazlal.
  5329 | D:4      | Found an oddly glowing altar of Pakellas.
  5333 | D:4      | Found a blossoming altar of Fedhas.
  5422 | D:4      | Reached skill level 9 in Stealth
  5471 | D:4      | Reached XP level 7. HP: 11/36 MP: 8/8
  5968 | D:4      | Found a white marble altar of Elyvilon.
  6030 | D:4      | Found a sacrificial altar of Ru.
  6444 | D:5      | Entered Level 5 of the Dungeon
  6850 | D:5      | Reached skill level 10 in Stealth
  7381 | D:5      | Reached XP level 8. HP: 39/40 MP: 9/9
  7818 | D:5      | Learned a level 3 spell: Ozocubu's Armour
  7863 | D:6      | Reached skill level 1 in Charms
  7865 | D:6      | Found a staircase to the Ecumenical Temple.
  7872 | Temple   | Entered the Ecumenical Temple
  8125 | D:6      | Reached skill level 11 in Stealth
  8125 | D:6      | Reached skill level 1 in Spellcasting
  8308 | D:6      | Found a shadowy altar of Dithmenos.
  8409 | D:6      | You fall through a shaft!
  8423 | D:7      | Found a glowing golden altar of the Shining One.
  8632 | D:7      | Reached XP level 9. HP: 22/44 MP: 15/15
  9080 | D:7      | Reached skill level 12 in Stealth
  9290 | D:7      | Reached skill level 5 in Charms
  9425 | D:7      | Reached skill level 10 in Dodging
 10431 | D:6      | Reached skill level 5 in Spellcasting
 10782 | D:6      | Noticed Pikel
 10830 | D:6      | Killed Pikel
 10865 | D:6      | Paralysed by an orc for 7 turns
 11077 | D:6      | Reached skill level 13 in Stealth
 11154 | D:6      | Found a burning altar of Makhleb.
 11449 | D:6      | Noticed Menkaure
 11461 | D:6      | Killed Menkaure
 11736 | D:8      | Reached XP level 10. HP: 49/49 MP: 20/20
 12110 | D:8      | Found a glowing silver altar of Zin.
 12309 | D:8      | Found Leygg's Antique Weapon Boutique.
 13018 | D:9      | Found an opulent altar of Gozag.
 13026 | D:9      | Became a worshipper of Gozag Ym Sagoz the Greedy
 13040 | D:9      | Found a radiant altar of Vehumet.
 13686 | D:9      | Found Nogaps's Antique Weapon Shop.
 13940 | D:10     | Entered Level 10 of the Dungeon
 13985 | D:10     | Noticed a hill giant
 13992 | D:10     | Killed a hill giant
 14212 | D:9      | Reached skill level 14 in Stealth
 15597 | D:10     | Bought a cursed ring of loudness for 54 gold pieces
 15602 | D:10     | Bought a +2 ring of dexterity for 90 gold pieces
 15655 | D:10     | Found a staircase to the Lair.
 15851 | D:11     | Noticed a gargoyle
 15853 | D:11     | Killed a gargoyle
 15907 | D:11     | Reached skill level 15 in Stealth
 16056 | D:11     | Noticed Grum
 16063 | D:11     | Killed Grum
 16063 | D:11     | Reached XP level 11. HP: 52/52 MP: 24/24
 16403 | D:9      | HP: 1/52 [wight/halberd (11)]
 16403 | D:9      | Mangled by a wight

Skill      XL: |  1  2  3  4  5  6  7  8  9 10 |
---------------+-------------------------------+-----
Dodging        | 2 3 4 5 6 8 9 11 12 | 12.9
Stealth        | 6 7 8 9 10 11 13 15 | 15.1
Fighting       | 2 3 |  3.0
Short Blades   | 4 |  4.9
Charms         | 4 7 |  7.9
Spellcasting   | 3 6 8 |  8.7
Throwing       | |  2.0

Action                   |  1- 3 |  4- 6 |  7- 9 | 10-12 || total
-------------------------+-------+-------+-------+-------++-------
Melee: Dagger            |    99 |   240 |   259 |   376 ||   974
       Falchion          |       |    28 |   113 |    41 ||   182
 Fire: Blowgun           |     3 |    23 |    67 |     6 ||    99
Throw: Stone             |       |       |     3 |       ||     3
       Tomahawk          |       |       |       |    12 ||    12
 Cast: Ozocubu's Armour  |       |       |       |     1 ||     1
Invok: Call Merchant     |       |       |       |     1 ||     1
Evoke: Wand              |       |       |     7 |     4 ||    11
  Use: Scroll            |       |    12 |     6 |     4 ||    22
       Potion            |       |       |     1 |       ||     1
 Stab: Sleeping          |     8 |    21 |    27 |    26 ||    82
       Distracted        |       |     2 |     2 |     3 ||     7
       Paralysed         |       |       |     2 |       ||     2
  Eat: Pizza             |       |     1 |       |       ||     1
       Bread ration      |       |     1 |     1 |       ||     2
Armor: Robe              |     5 |    17 |    18 |    19 ||    59
Dodge: Dodged            |    53 |   229 |   338 |   374 ||   994
